 Seeded DCSS version 0.25-a0-292-gaa31f04 (webtiles) character file.

Game seed: 8940913052037679828, levelgen mode: deterministic

240 Blackhawk the Skirmisher (level 6, 0/38 HPs)
             Began as a Gargoyle Hunter on Dec 10, 2019.
             Slain by Sigmund
             ... wielding a +0 scythe
              (6 damage)
             ... on level 3 of the Dungeon on Dec 15, 2019.
             The game lasted 00:05:25 (2349 turns).

Blackhawk the Skirmisher (Gargoyle Hunter)          Turns: 2349, Time: 00:05:26

Health: 0/38       AC: 10    Str: 20 (23) XL:     6   Next: 8%
Magic:  6/6        EV: 11    Int:  9 (11) God:
Gold:   125        SH:  0    Dex:  8 (10) Spells: 5/5 levels left

rFire    . . .     SeeInvis .   m - +0 hand axe
rCold    + . .     Gourm    .   (no shield)
rNeg     + . .     Faith    .   k - +0 ring mail
rPois    ∞         Spirit   .   (no helmet)
rElec    +         Reflect  .   (no cloak)
rCorr    .         Harm     .   (no gloves)
MR       .....                  (no boots)
Stlth    +.........             n - amulet of the acrobat
HPRegen  0.12/turn              g - ring of ice
MPRegen  0.10/turn              o - ring of protection from fire

@: mighty
A: negative energy resistance 1, electricity resistance, unbreathing,
petrification resistance, rot immunity, AC +4
a: no special abilities


You were on level 3 of the Dungeon.
You were not hungry.

You visited 1 branch of the dungeon, and saw 3 of its levels.

You collected 125 gold pieces.

Inventory:

Hand Weapons
 a - a +0 short sword
 m - a +0 hand axe (weapon)
Missiles
 c - 6 javelins (quivered)
 d - 2 throwing nets
Armour
 b - a +0 leather armour
 k - a +0 ring mail (worn)
Jewellery
 g - a ring of ice (left hand)
 n - an amulet of the acrobat (around neck)
 o - a ring of protection from fire (right hand)
Scrolls
 e - a scroll of remove curse {unknown}
 h - a scroll of amnesia {unknown}
 j - 2 scrolls of identify {unknown}
 p - a scroll of enchant armour {unknown}
 q - a scroll of enchant weapon {unknown}
Comestibles
 f - 4 rations
 t - 8 chunks of flesh


   Skills:
 + Level 4.0 Fighting
 + Level 1.8 Axes
 - Level 3.6 Throwing
 + Level 3.0 Armour
 + Level 2.9 Dodging
 - Level 1.1 Stealth


You had 5 spell levels left.
You didn't know any spells.
Your spell library was empty.

Dungeon Overview and Level Annotations

Branches:
Dungeon (3/15)

Altars:
Kikubaaqudgha

Annotations:
D:3 Sigmund


Innate Abilities, Weirdness & Mutations

You are resistant to torment.
Your stone body is resilient. (AC +4)
You are immune to poison.
You resist negative energy. (rN+)
You are resistant to electric shocks. (rElec)
You can survive without breathing.
You are immune to petrification.
You are immune to rotting.


Message History

You hear some strange, mumbled words.
A magic dart appears from out of thin air!
The magic dart hits you! Something barely misses you.
You feel less confused. Something hits you!
* * * LOW HITPOINT WARNING * * *
Something closely misses you.
You feel better. Something hits you but does no damage. Something misses you.
Something hits you but does no damage.
You barely miss something. You miss something. Something hits you!
* * * LOW HITPOINT WARNING * * *
Something hits you but does no damage.
You miss something. x2; Something hits you but does no damage.
Something barely misses you.
You barely miss something. You miss something.
You hear some strange, mumbled words.
A magic dart appears from out of thin air!
The magic dart hits you but does no damage.
Something hits you.
You die...

##...#.##).. #......).#..
##...#.##÷.. #
#####.##.###.. #.
###...#.##...... #..
.#.........###.#
###...#####.........<#....
........[{.....>.....#....
........{@................
..........<...............
###...#####..##...........
#... #.###o.....##### #...
##.#.o....## #..
##...##### ### #.. ##...##
#.. ...#####@...# #.#
.....(..)...#########.#


There were no monsters in sight!

Vanquished Creatures
  3 vampire bats (D:2)
  A gnoll (D:2)
  4 adders
  An ooze (D:1)
  4 leopard geckos
  8 orcs
  5 bat zombies (D:2)
  5 goblins
  5 hobgoblins
  2 jackals (D:2)
  5 kobolds
  A quokka (D:2)
  A ball python (D:2)
  5 bats (D:1)
  4 frilled lizards
  8 rats
62 creatures vanquished.

Notes
Turn   | Place    | Note
-------+----------+-------------------------------------------
     0 | D:1      | Blackhawk the Gargoyle Hunter began the quest for the Orb.
     0 | D:1      | Reached XP level 1. HP: 12/12 MP: 1/1
     0 | D:1      | Upgraded the game from 0.25-a0-280-gfa4545f to
                  | 0.25-a0-292-gaa31f04
   241 | D:1      | Reached XP level 2. HP: 18/18 MP: 2/2
   281 | D:1      | Reached skill level 1 in Armour
   776 | D:1      | Reached XP level 3. HP: 22/22 MP: 3/3
   980 | D:2      | Reached skill level 3 in Fighting
  1264 | D:2      | Reached XP level 4. HP: 9/28 MP: 4/4
  1628 | D:2      | Found an ancient bone altar of Kikubaaqudgha.
  1640 | D:2      | Reached skill level 1 in Axes
  1645 | D:2      | Reached XP level 5. HP: 30/33 MP: 5/5
  2076 | D:3      | Noticed Sigmund
  2110 | D:2      | Reached XP level 6. HP: 33/38 MP: 6/6
  2154 | D:2      | Reached skill level 4 in Fighting
  2349 | D:3      | Slain by Sigmund

Levels and vault maps discovered:
D:1:      dpeg_arrival_windows_large_door, layout_loops_ring
D:2:      layout_rooms, kennysheep_vampire_church, cheibrodos_gnoll_hut
D:3:      layout_loops_cross, st_stairs_4, uniq_sigmund

Skill      XL: |  1  2  3  4  5  6 |
---------------+-------------------+-----
Armour         | 1 2 3 |  3.0
Dodging        | 2 |  2.9
Fighting       | 3 4 |  4.0
Axes           | 1 |  1.8
Throwing       | |  3.6
Stealth        | |  1.1

Action                   |  1- 3 |  4- 6 || total
-------------------------+-------+-------++-------
Melee: Short sword       |    97 |       ||    97
       Hand axe          |    34 |   129 ||   163
  Use: Potion            |     3 |     4 ||     7
 Stab: Sleeping          |     1 |       ||     1
  Eat: Chunk             |     1 |     4 ||     5
Armor: Leather armour    |    47 |     1 ||    48
       Ring mail         |       |   122 ||   122
Dodge: Dodged            |    98 |   166 ||   264

Table legend:
 A = Non-vault XP
 B = Vault XP
 C = Vault XP percentage of total XP
 D = Non-vault monster count
 E = Vault monster count
 F = Vault count percentage of total count
                 A         B        C        D         E       F
            +---------+---------+-------+---------+---------+-------
      Total |     133 |     211 |  61.3 |      47 |      15 |  24.2
            +---------+---------+-------+---------+---------+-------
        D:1 |      38 |       0 |   0.0 |      21 |       0 |   0.0
        D:2 |      68 |     201 |  74.7 |      19 |      11 |  36.7
        D:3 |      27 |      10 |  27.0 |       7 |       4 |  36.4
            +---------+---------+-------+---------+---------+-------
